Map: Submarino EE

Players

MrFercho - Winner!

  • Race: Zerg Zerg
  • League: Gold
  • Spawn Location: 11:00

Jude

  • Race: Protoss Protoss
  • League: Gold
  • Spawn Location: 5:00

VOD

Have the link to the VOD?

Description

Time

  • Played on: Aug. 8, 2020, 6:22 p.m.
  • Length: 15:22
Show
View Real Time Build Order
Export as new Build Order

MrFercho Zerg - Winner!

Build Orders: Hatch First, Lurkers 

Get SALT Encoding   

  12  0:00  Drone  
  13  0:13  Overlord  
  13  0:17  Drone  
  14  0:32  Drone x2  
  16  0:50  Hatchery  
  16  0:52  Drone  
  16  0:56  Drone  
  17  1:02  Drone  
  18  1:10  Extractor  
  17  1:16  Spawning Pool  
  17  1:18  Drone  
  17  1:20  Drone  
  18  1:29  Drone  
  19  1:39  Drone  
  20  1:52  Overlord  
  20  2:11  Zergling x4  
  20  2:13  Queen, Drone x2  
  20  2:14  Queen  
  28  2:39  Drone x3  
  28  2:40  Drone  
  32  2:54  Queen  
  32  2:56  Lair  
  32  2:57  Drone x2  
  36  3:04  Roach Warren  
  35  3:09  Evolution Chamber  
  35  3:12  Overlord  
  34  3:14  Overlord  
  34  3:16  Drone x2  
  36  3:20  Extractor  
  36  3:21  Extractor, Drone x2  
  36  3:33  Drone  
  36  3:34  Drone x5  
  42  3:51  Zerg Missile Weapons Level 1  
  42  3:54  Glial Reconstitution  
  42  4:09  Roach x4  
  50  4:24  Roach  
  52  4:26  Overlord x4  
  52  4:42  Overlord  
  52  4:44  Queen  
  54  4:58  Roach x5  
  54  4:59  Roach  
  66  5:04  Drone x5  
  66  5:05  Drone  
  72  5:33  Evolution Chamber  
  71  5:43  Drone x3  
  71  5:44  Drone x9  
  83  5:54  Zerg Missile Weapons Level 2  
  83  6:04  Hatchery  
  82  6:15  Zerg Ground Armor Level 1  
  84  6:33  Roach x5  
  84  6:34  Overlord x4  
  92  6:52  Overlord x3  
  91  7:01  Overseer  
  91  7:02  Overseer  
  91  7:12  Overseer  
  91  7:16  Roach x7  
  105  7:23  Extractor  
  105  7:24  Drone x2  
  105  7:25  Extractor  
  105  8:04  Drone x12  
  117  8:32  Infestation Pit  
  116  8:36  Hydralisk Den  
  116  8:38  Extractor  
  116  8:40  Spire  
  113  8:50  Spore Crawler  
  113  8:52  Spore Crawler  
  113  8:54  Spore Crawler  
  110  8:56  Spore Crawler  
  110  9:02  Drone x3  
  112  9:08  Overlord x3  
  112  9:13  Zerg Ground Armor Level 2  
  112  9:15  Zerg Melee Weapons Level 1  
  112  9:18  Muscular Augments  
  112  9:23  Hive  
  112  9:43  Hatchery  
  111  9:51  Hydralisk x11  
  111  9:52  Hydralisk x5  
  143  9:57  Zerg Flyer Weapons Level 1  
  143  10:12  Spore Crawler  
  142  10:15  Drone, Spine Crawler  
  142  10:16  Drone x3  
  145  10:21  Spine Crawler x2  
  145  10:22  Hydralisk x7  
  145  10:25  Overlord  
  157  10:29  Grooved Spines  
  157  10:38  Lurker Den  
  157  10:42  Metabolic Boost  
  156  10:46  Hydralisk x6  
  156  10:47  Hydralisk x2  
  172  10:59  Overlord x4  
  172  11:03  Drone x6  
  174  11:28  Zerg Missile Weapons Level 3  
  174  11:36  Pneumatized Carapace  
  174  11:42  Overlord x2  
  174  11:49  Lurker x2  
  174  11:50  Lurker x2  
  174  11:53  Seismic Spines  
  178  12:01  Adrenal Glands  
  178  12:05  Zerg Ground Armor Level 3  
  178  12:09  Extractor  
  178  12:10  Extractor, Drone x3  
  178  12:12  Drone x3  
  178  12:14  Drone x12  
  194  12:18  Hydralisk x2  
  194  12:22  Greater Spire  
  198  12:50  Adaptive Talons  
  173  12:53  Hydralisk x12  
  166  13:09  Hydralisk x7  
  170  13:13  Queen  
  164  13:30  Hydralisk x9  
  174  13:51  Hydralisk x9  
  192  14:04  Zergling x12  
  192  14:06  Queen  
  200  14:34  Hydralisk  
  200  14:36  Hydralisk  
  200  14:38  Hatchery, Hydralisk x2  
  199  14:39  Extractor  
  199  14:40  Hydralisk  
  199  14:41  Hydralisk x3  
Show
View Real Time Build Order
Export as new Build Order

Jude Protoss 

Build Orders: Double Forge, Archon Immortal 

Get SALT Encoding   

  12  0:00  Probe  
  13  0:13  Probe  
  14  0:20  Pylon  
  14  0:27  Probe  
  15  0:28  Assimilator  
  15  0:43  Gateway  
  15  0:48  Probe (Chrono Boost)  
  17  0:58  Probe (Chrono Boost)  
  17  1:02  Probe (Chrono Boost)  
  18  1:14  Probe  
  19  1:30  Gateway  
  19  1:38  Probe  
  20  1:45  Cybernetics Core  
  20  1:52  Pylon  
  20  1:56  Nexus  
  20  2:05  Forge  
  20  2:09  Probe (Chrono Boost)  
  21  2:21  Assimilator, Probe (Chrono Boost)  
  22  2:26  Probe (Chrono Boost)  
  23  2:34  Stalker  
  25  2:44  Photon Cannon  
  25  2:45  Zealot  
  27  2:54  Pylon  
  27  3:01  Probe (Chrono Boost)  
  28  3:12  Probe (Chrono Boost)  
  30  3:13  Probe (Chrono Boost)  
  30  3:17  Probe (Chrono Boost)  
  30  3:19  Robotics Facility  
  31  3:20  Probe  
  32  3:27  Pylon  
  32  3:38  Pylon  
  32  3:40  Probe x2 (Chrono Boost)  
  34  3:45  Stalker  
  36  3:50  Probe x2 (Chrono Boost)  
  36  3:54  Twilight Council  
  38  3:58  Gateway  
  38  4:04  Photon Cannon  
  38  4:13  Probe  
  38  4:15  Probe  
  40  4:17  Assimilator  
  40  4:18  Warp Gate  
  40  4:21  Assimilator  
  40  4:30  Immortal  
  44  4:34  Probe x2  
  46  4:45  Protoss Ground Armor Level 1  
  46  4:54  Forge  
  46  5:08  Stargate  
  46  5:19  Probe  
  46  5:20  Probe  
  48  5:32  Immortal  
  52  5:39  Probe x2  
  52  5:41  Protoss Ground Weapons Level 1  
  54  5:49  Gateway  
  54  5:51  Probe  
  54  5:52  Probe  
  56  6:01  Templar Archives  
  56  6:05  Pylon  
  56  6:07  Probe x2  
  58  6:12  Phoenix  
  60  6:19  Probe x2  
  62  6:26  Shield Battery  
  62  6:31  Sentry x2, Probe  
  67  6:34  Immortal  
  71  6:53  Probe  
  71  6:54  Probe  
  73  6:55  Pylon  
  73  6:56  Void Ray  
  77  7:05  Probe  
  78  7:12  Pylon  
  78  7:13  Pylon, Probe  
  79  7:18  Pylon, Probe  
  79  7:21  Pylon  
  80  7:25  Probe  
  80  7:27  Photon Cannon  
  80  7:28  Photon Cannon  
  81  7:30  Probe  
  81  7:35  Nexus  
  82  7:37  High Templar x2  
  82  7:40  Psionic Storm  
  86  7:59  Shield Battery  
  86  8:00  Shield Battery  
  86  8:04  Probe x2  
  88  8:07  Immortal  
  92  8:16  Probe x2  
  92  8:17  Photon Cannon  
  92  8:19  Void Ray  
  98  8:36  Probe x2  
  98  8:40  Pylon  
  98  8:41  Assimilator  
  100  8:45  Assimilator  
  100  8:48  Probe  
  100  8:49  Probe  
  102  9:18  High Templar x2  
  102  9:19  High Templar x2  
  102  9:21  Probe x2  
  112  9:29  Probe  
  113  9:31  Photon Cannon  
  113  9:33  Probe x2  
  115  9:40  Photon Cannon  
  115  9:41  Probe  
  115  9:42  Photon Cannon  
  115  9:44  Pylon  
  116  9:45  Probe  
  116  9:46  Probe  
  116  9:47  Pylon  
  116  9:50  Archon  
  118  9:53  Probe, Archon  
  118  9:58  Probe x2  
  121  10:01  Stalker x3  
  121  10:02  Stalker  
  129  10:10  Photon Cannon  
  129  10:12  Gateway  
  129  10:14  Gateway  
  129  10:17  Immortal  
  129  10:19  Protoss Ground Armor Level 2  
  133  10:25  Forge  
  133  10:27  Stargate  
  133  10:30  Stargate  
  133  10:53  Pylon, High Templar  
  133  10:54  High Templar x2  
  133  10:56  Pylon  
  139  11:04  Nexus  
  138  11:20  Probe x3  
  141  11:27  Immortal  
  145  11:34  Robotics Facility  
  145  11:37  Stalker x4  
  153  11:44  Gateway  
  153  11:46  Gateway  
  153  11:49  Photon Cannon  
  153  11:51  Photon Cannon  
  153  11:54  Photon Cannon x2  
  153  11:59  Assimilator  
  153  12:00  Assimilator, Probe  
  153  12:01  Probe x2  
  156  12:07  Pylon  
  156  12:11  Stalker  
  156  12:12  Stalker x3  
  156  12:13  Probe  
  165  12:16  Pylon  
  165  12:24  Pylon  
  165  12:25  Immortal  
  165  12:27  Immortal  
  173  12:30  Pylon  
  146  12:59  Stalker x3  
  146  13:00  Stalker x3  
  89  13:21  Stalker  
  89  13:22  Stalker  
  91  13:39  Probe x2  
  91  13:40  Probe  
  94  13:44  Immortal x2  
  102  13:50  Stalker x4  
  102  13:52  Adept  
  102  13:53  Adept  
  114  14:00  Nexus  
  114  14:03  Pylon  
  114  14:05  Pylon  
  114  14:09  Pylon  
  114  14:10  Photon Cannon  
  114  14:12  Photon Cannon  
  114  14:13  Photon Cannon, Pylon  
  114  14:26  Pylon  
  114  14:29  Photon Cannon  
  114  14:30  Photon Cannon  
Tags
 
Add a new tag
Caveats
  • Supply blocks, unpowered buildings, or Contaminate may cause inaccurate times.
  • Supply counts are checked every 10 seconds.